 Dungeon Crawl Stone Soup version 0.29-a0-369-gd956c00756 (webtiles) character file.

Game seed: 7624390814688697190

31574 siradein the Fighter (level 13, -5/106 HPs)
             Began as a Djinni Ice Elementalist on Apr 29, 2022.
             Was a High Priest of Makhleb.
             Slain by an elephant (13 damage)
             ... on level 3 of the Lair of Beasts on May 2, 2022.
             The game lasted 01:01:23 (17550 turns).

siradein the Fighter (Djinni Ice Elementalist)     Turns: 17550, Time: 01:01:24

Health: -5/106     AC: 11    Str:  7    XL:     13   Next: 97%
Gold:   891        EV: 14    Int: 21    God:    Makhleb [*****.] SH:  0 Dex: 21

rFire   + . .      SeeInvis +   M - +9 mace of Odekoq {vorpal, rPois rF- SInv Stlth-}
rCold   + . .      Faith    .   (no shield)
rNeg    . . .      Spirit   .   F - +3 leather armour {rC+}
rPois   ∞          Reflect  .   B - +2 helmet
rElec   .          Harm     .   E - +0 cloak
rCorr   .          Rampage  .   I - +0 pair of gloves
Will    +....                   (boots unavailable)
Stlth   +.........              C - amulet of regeneration
HPRegen 1.07/turn               p - +6 ring of dexterity
MPRegen 0.00/turn               w - ring of protection from cold

@: flying
A: sickness immunity, fire resistance 2, cold vulnerability 1, float, innate
caster, HP casting, extra vitality 1
a: Renounce Religion, Minor Destruction, Lesser Servant of Makhleb, Major
Destruction, Greater Servant of Makhleb


You were on level 3 of the Lair of Beasts.
You worshipped Makhleb.
Makhleb was extremely pleased with you.
You visited 3 branches of the dungeon, and saw 15 of its levels.

You collected 979 gold pieces.
You spent 88 gold pieces at shops.

Inventory:

Hand Weapons
 G - the +4 quarterstaff "Jellybane" {drain, rC- rN+ Str+7}
   (You took it off a wight on level 9 of the Dungeon)

   A truly terrible weapon, it drains the life of any living foe it strikes.
   Str:       It affects your strength (+7).
   rC:        It makes you vulnerable to cold.
   rN:        It protects you from negative energy.
 M - the +9 mace of Odekoq (weapon) {vorpal, rPois rF- SInv Stlth-}
   (You found it on level 3 of the Lair of Beasts)

   It inflicts extra damage upon your enemies.
   rF:        It makes you vulnerable to fire.
   rPois:     It protects you from poison.
   SInv:      It lets you see invisible.
   Stlth:     It makes you less stealthy.
Missiles
 t - a throwing net
Armour
 B - a +2 helmet (worn)
 E - a +0 cloak (worn)
 F - a +3 leather armour of cold resistance (worn)
 I - a +0 pair of gloves (worn)
Jewellery
 g - a ring of protection from fire
 p - a +6 ring of dexterity (left hand)
 w - a ring of protection from cold (right hand)
 z - a +6 ring of dexterity
 C - an amulet of regeneration (around neck)
 K - a ring of protection from fire
 P - a +6 ring of strength
Wands
 f - a wand of digging (5)
 x - a wand of charming (6)
 y - a wand of paralysis (12)
 D - a wand of acid (4)
 H - a wand of iceblast (8)
 L - a wand of flame (22)
Scrolls
 a - a scroll of fear
 c - 7 scrolls of teleportation
 l - 3 scrolls of silence
 m - a scroll of vulnerability
 o - 4 scrolls of immolation
 s - 6 scrolls of blinking
 u - 2 scrolls of fog
 v - 2 scrolls of noise {unknown}
 J - a scroll of enchant weapon
 N - a scroll of brand weapon {unknown}
 O - a scroll of magic mapping {unknown}
Potions
 b - 7 potions of heal wounds
 d - 8 potions of curing
 e - a potion of berserk rage
 h - 5 potions of cancellation
 i - 2 potions of mutation
 j - 3 potions of ambrosia
 k - 3 potions of lignification
 n - a potion of might
 q - 3 potions of brilliance {unknown}
 r - 2 potions of haste
 A - 2 potions of resistance {unknown}


   Skills:
 + Level 14.9 Fighting
 + Level 4.5 Dodging
 - Level 1.5 Stealth
 + Level 12.9 Spellcasting
 + Level 3.4 Invocations
 + Level 3.4 Evocations


You had 8 spell levels left.
You knew the following spells:

 Your Spells              Type           Power      Damage    Failure   Level
a - Freeze                Ice            100%       1d11      1%          1
b - Frozen Ramparts       Ice            100%       1d12      1%          3
c - Ozocubu's Armour      Ice            61%        N/A       1%          3
d - Hailstorm             Conj/Ice       61%        3d13      1%          4
e - Foxfire               Conj/Fire      100%       2x1d9     1%          1
f - Wereblood             Tmut           61%        N/A       1%          2
g - Corpse Rot            Necr/Air       100%       N/A       1%          2
h - Conjure Flame         Conj/Fire      61%        6-21      1%          3
i - Agony                 Necr           61%        N/A       1%          5
j - Iskenderun's Battles  Conj           61%        2d11      1%          5
Your spell library was empty.

Dungeon Overview and Level Annotations

Branches:
Dungeon (11/15)            Temple (1/1) D:6            Lair (3/6) D:11
 Shoals (0/4) Lair:3        Snake (0/4) Lair:3          Orc (0/2) D:9

Altars:
Ashenzari
Cheibriados
Dithmenos
Elyvilon
Fedhas
Gozag
Hepliaklqana
Kikubaaqudgha
Makhleb
Nemelex Xobeh
Okawaru
Qazlal
Ru
Sif Muna
Trog
Uskayaw
Vehumet
Wu Jian
Xom
Yredelemnul
Zin
The Shining One

Shops:
D:5 ?

Annotations:
D:4 1 runed translucent door, HendSelp's ghost, amateur OgBe
D:8 2 transporters, Gelos's ghost, novice KoBr


Innate Abilities, Weirdness & Mutations

You are immune to sickness and miasma.
You are immune to poison.
Your flesh is very heat resistant. (rF++)
You are vulnerable to cold. (rC-)
You float through the air rather than walking.
You learn spells naturally, not from books.
Your magical power is your life essence.
You have superior vitality. (+4 MHP)


Message History

You are shoved backwards!
The elephant attacks as you move away! The elephant completely misses you.
The elephant trunk-slaps you but does no damage.
Casting: Foxfire (safe; 1% risk of failure)
Confirm with . or Enter, or press ? or * to list all spells.
You conjure some foxfire!
* * * LOW HITPOINT WARNING * * *
Your battlesphere fires!
The barrage of energy hits the elephant!
The elephant is almost dead.
The elephant barely misses you. x2
Unknown command.
Unknown command.
Casting: Foxfire (safe; 1% risk of failure)
Confirm with . or Enter, or press ? or * to list all spells.
You conjure some foxfire!
* * * LOW HITPOINT WARNING * * *
The foxfire hits the elephant but does no damage.
The elephant is heavily wounded.
The foxfire hits the elephant but does no damage.
The elephant is heavily wounded.
Your battlesphere fires!
The barrage of energy hits the elephant!
The elephant is severely wounded.
The elephant tramples you but does no damage.
The elephant trunk-slaps you but does no damage.
Unknown command.
Casting: Foxfire (safe; 1% risk of failure)
Confirm with . or Enter, or press ? or * to list all spells.
You conjure some foxfire!
* * * LOW HITPOINT WARNING * * *
The foxfire hits the elephant but does no damage.
The elephant is severely wounded.
The foxfire hits the elephant but does no damage.
The elephant is severely wounded.
Your battlesphere fires!
The barrage of energy hits the elephant!
The elephant is severely wounded.
The elephant tramples you!
You die...

#.P........P.....#.....## ....
#.....†...P.......#......#...## #
..#....................P#.#..P#.#
#..#.............##..............
.....)†....##.....#..............
..##.#...#####....#.....#)#.#?# .
###.###○.# ###...#......##.##.#P.
......)†.# #...v§§............P..
.........###....@........).......
≈P.*§##.Y.##.*..Yv.........######
♣≈≈*. #...##.Y......#..#.#..#
YY≈≈..#...#....#.#.###.###..###
.YY♣...........##### ### #....#
.YY♣≈≈.........# #...##
.Y..P≈♣..#....### ## #..##
.....≈.........P# ##.# #...# #
...≈....#.....###.#### ##..####


You could see 2 elephants and a friendly battlesphere.

Vanquished Creatures
  A boulder beetle (D:11)
  2 hydras
  A centaur warrior (D:8)
  3 two-headed ogres
  Nergalle (Lair:3)
  Sonja (D:11)
  Amaemon (D:10)
  A wizard (D:10)
  A manticore (D:10)
  6 black mambas
  A cyclops (D:11)
  5 elephants (Lair:3)
  A torpor snail (Lair:2)
  An orange demon (D:9)
  7 cane toads
  Psyche (D:11)
  2 kobold demonologists
  5 komodo dragons
  A polar bear (Lair:2)
  A hornet (D:8)
  2 dream sheep (Lair:2)
  13 blink frogs
  2 wraiths
  2 shadows
  5 wyverns
  35 yaks
  4 vampire mosquitoes (D:11)
  2 steam dragons
  2 basilisks (Lair:3)
  12 water moccasins
  3 ice beasts
  2 orc warriors
  A black bear (D:6)
  2 ogres
  3 wolves (Lair:2)
  4 centaurs
  6 kobold brigands
  9 bullfrogs
  2 gnoll sergeants
  5 scorpions
  9 wights
  5 howler monkeys (D:10)
  A hound (D:5)
  A jelly (D:6)
  3 orc priests
  2 gnoll shamans
  Crazy Yiuf (D:4)
  3 iguanas
  6 hell rats (Lair:2)
  9 orc wizards
  17 gnolls
  6 adders
  4 white imps
  2 ufetubi
  2 worms (D:3)
  3 dart slugs
  32 orcs
  13 endoplasms
  5 giant cockroaches
  9 goblins
  9 hobgoblins
  4 jackals (D:4)
  16 kobolds
  4 quokkas
  10 ball pythons
  3 bats
  3 frilled lizards
  6 rats
347 creatures vanquished.

Vanquished Creatures (others)
  3 bushes
  439 foxfires
  21 fungi
  74 plants
537 creatures vanquished.

Grand Total: 884 creatures vanquished

Notes
Turn   | Place    | Note
-------+----------+-------------------------------------------
     0 | D:1      | siradein the Djinni Ice Elementalist began the quest for
                  | the Orb.
     0 | D:1      | Reached XP level 1. HP: 15/15 MP: 0/0
   322 | D:1      | Reached XP level 2. HP: 12/21 MP: 0/0
  1106 | D:1      | Reached XP level 3. HP: 19/25 MP: 0/0
  1106 | D:1      | Learned a level 1 spell: Foxfire
  1636 | D:2      | Found a faded altar of an unknown god.
  1793 | D:2      | Reached XP level 4. HP: 26/31 MP: 0/0
  2650 | D:3      | Reached XP level 5. HP: 17/35 MP: 0/0
  2650 | D:3      | Learned a level 2 spell: Wereblood
  3010 | D:3      | Reached skill level 5 in Spellcasting
  3589 | D:3      | Found a stormy altar of Qazlal.
  3898 | D:4      | Noticed a kobold brigand
  3914 | D:4      | Killed a kobold brigand
  3915 | D:4      | Reached XP level 6. HP: 19/40 MP: 0/0
  4231 | D:4      | Found a large runed translucent door.
  4231 | D:4      | Found a large runed translucent door.
  4244 | D:4      | Found a shimmering altar of Xom.
  4305 | D:4      | Noticed HendSelp's ghost (amateur OgBe)
  4308 | D:4      | Found a runed translucent door.
  4372 | D:4      | Found a glowing golden altar of the Shining One.
  4526 | D:4      | Found a runed translucent door.
  4527 | D:4      | Noticed Crazy Yiuf
  4559 | D:4      | Noticed an ogre
  4572 | D:4      | Killed an ogre
  4573 | D:4      | Reached skill level 1 in Fighting
  4675 | D:4      | Reached skill level 2 in Fighting
  4675 | D:4      | Reached XP level 7. HP: 41/49 MP: 0/0
  4675 | D:4      | Learned a level 2 spell: Corpse Rot
  4794 | D:4      | Found a blossoming altar of Fedhas.
  4802 | D:4      | Found a sparkling altar of Nemelex Xobeh.
  4802 | D:4      | Found an opulent altar of Gozag.
  4806 | D:4      | Found a shimmering altar of Xom.
  5406 | D:5      | Entered Level 5 of the Dungeon
  5461 | D:5      | Reached skill level 3 in Fighting
  5835 | D:5      | Found Idwaifaol's Magic Scroll Boutique.
  5843 | D:5      | Bought a scroll of identify for 22 gold pieces
  5843 | D:5      | Bought a scroll of identify for 22 gold pieces
  5843 | D:5      | Bought a scroll of identify for 22 gold pieces
  5843 | D:5      | Bought a scroll of identify for 22 gold pieces
  6400 | D:5      | Reached XP level 8. HP: 55/58 MP: 0/0
  6473 | D:5      | Reached skill level 4 in Fighting
  7386 | D:6      | Reached skill level 5 in Fighting
  8011 | D:6      | Reached skill level 6 in Fighting
  8011 | D:6      | Reached XP level 9. HP: 56/66 MP: 0/0
  8011 | D:6      | Learned a level 3 spell: Conjure Flame
  8145 | D:6      | Identified the +6 falchion of the Fifty Friends {vorpal,
                  | Fly rPois rN+ Int-5}
  8556 | D:6      | Found a staircase to the Ecumenical Temple.
  8736 | Temple   | Entered the Ecumenical Temple
  8842 | Temple   | Became a worshipper of Makhleb the Destroyer
  9165 | D:7      | Reached skill level 7 in Fighting
 10147 | D:8      | Noticed a centaur warrior
 10156 | D:8      | Killed a centaur warrior
 10157 | D:8      | Reached skill level 8 in Fighting
 10157 | D:8      | Reached XP level 10. HP: 57/76 MP: 0/0
 10286 | D:8      | Reached skill level 9 in Fighting
 10507 | D:8      | Found a basalt altar of Yredelemnul.
 10646 | D:8      | Reached * piety under Makhleb
 10714 | D:8      | Found a snail-covered altar of Cheibriados.
 10774 | D:8      | Noticed a two-headed ogre
 10788 | D:8      | Killed a two-headed ogre
 10867 | D:8      | Found a transporter.
 10871 | D:8      | Noticed a moth of wrath
 10877 | D:8      | Found a bloodstained altar of Trog.
 10877 | D:8      | Noticed Gelos's ghost (novice KoBr)
 10907 | D:8      | Found a transporter.
 10962 | D:8      | Found a shadowy altar of Dithmenos.
 11155 | D:8      | Reached skill level 10 in Fighting
 11250 | D:9      | Reached XP level 11. HP: 74/85 MP: 0/0
 11250 | D:9      | Learned a level 5 spell: Agony
 11372 | D:9      | Noticed a deep elf pyromancer
 11372 | D:9      | Noticed a deep elf pyromancer
 11640 | D:4      | Killed Crazy Yiuf
 11864 | D:9      | Reached skill level 10 in Spellcasting
 11921 | D:9      | Noticed a two-headed ogre
 11944 | D:9      | Killed a two-headed ogre
 12317 | D:9      | Reached skill level 11 in Fighting
 12351 | D:9      | Reached ** piety under Makhleb
 12385 | D:9      | Found a hide-covered altar of Uskayaw.
 12434 | D:9      | Identified the +4 quarterstaff "Jellybane" {drain, rC- rN+
                  | Str+7}
 12791 | D:9      | Found a staircase to the Orcish Mines.
 12833 | D:10     | Entered Level 10 of the Dungeon
 12836 | D:10     | Noticed a wizard
 12873 | D:10     | Killed a wizard
 13234 | D:10     | Noticed Amaemon
 13245 | D:10     | Killed Amaemon
 13246 | D:10     | Reached skill level 12 in Fighting
 13304 | D:9      | Reached XP level 12. HP: 68/95 MP: 0/0
 13411 | D:10     | Noticed a two-headed ogre
 13430 | D:10     | Killed a two-headed ogre
 13582 | D:10     | Found a hazy altar of Hepliaklqana.
 13896 | D:10     | Noticed a catoblepas
 14092 | D:10     | Identified the +5 pair of boots of Zirghigu {rCorr Str+4
                  | Dex-5}
 14150 | D:11     | Upgraded the game from 0.29-a0-362-g5854e031c7 to
                  | 0.29-a0-364-g921d912d32
 14260 | D:11     | Upgraded the game from 0.29-a0-364-g921d912d32 to
                  | 0.29-a0-369-gd956c00756
 14338 | D:11     | Found a staircase to the Lair.
 14479 | D:11     | Reached *** piety under Makhleb
 14510 | D:11     | Noticed a boulder beetle
 14552 | D:11     | Killed a boulder beetle
 14590 | D:11     | Noticed Psyche
 14595 | D:11     | Killed Psyche
 14662 | D:11     | Reached skill level 13 in Fighting
 14939 | D:11     | Noticed Sonja
 14947 | D:11     | Killed Sonja
 15093 | Lair:1   | Entered Level 1 of the Lair of Beasts
 15427 | Lair:1   | Reached XP level 13. HP: 46/104 MP: 0/0
 15427 | Lair:1   | Learned a level 5 spell: Iskenderun's Battlesphere
 15709 | Lair:1   | Noticed a seven-headed hydra
 15719 | Lair:1   | Killed a seven-headed hydra
 15720 | Lair:1   | Reached skill level 14 in Fighting
 16281 | Lair:2   | Reached **** piety under Makhleb
 16546 | Lair:2   | Reached skill level 1 in Invocations
 16548 | Lair:2   | Reached skill level 1 in Evocations
 17045 | Lair:3   | Found a staircase to the Snake Pit.
 17069 | Lair:3   | Identified the +9 mace of Odekoq {vorpal, rPois rF- SInv
                  | Stlth-}
 17213 | Lair:3   | Noticed a seven-headed hydra
 17245 | Lair:3   | Killed a seven-headed hydra
 17296 | Lair:3   | Noticed Nergalle
 17307 | Lair:3   | Killed Nergalle
 17435 | Lair:3   | Found a staircase to the Shoals.
 17452 | Lair:3   | Reached ***** piety under Makhleb
 17523 | Lair:3   | Noticed a catoblepas
 17550 | Lair:3   | Slain by an elephant

Illustrated notes

Levels and vault maps discovered:
D:1:      heliophobic_arrival_dark_side_of_the_moon, layout_loops_ring
D:2:      minmay_spotlight, layout_basic, dreamdust_ecumenical_altar_statues
D:3:      kennysheep_six_static_rooms, layout_loops_cross,
          mainiacjoe_overflow_concentric_impassable
D:4:      due_chaos_kobolds, layout_basic, minitemple, marbit_many_paths,
          hellmonk_ghost_happy_afterlife, serial_glass, glass_columns_a,
          glass_columns_a, glass_columns_a, minmay_increasing_density,
          uniq_crazy_yiuf_cottage
D:5:      layout_basic, serial_shops, nicolae_stop_n_shop_1
D:6:      layout_loops_cross, minmay_temple_entry_drinking_statues
D:7:      layout_basic, led_sif_book
D:8:      layout_basic, nicolae_overflow_crystal_walls,
          mainiacjoe_overflow_surrounded_room, mainiacjoe_overflow_brackets,
          gammafunk_ghost_wrathful_warriors
D:9:      layout_basic, kennysheep_mini_moat, orc_0_dummy,
          grunt_decor_one_mirror, minmay_misc_feat_rows,
          onia_ninara_dug_in_and_dangerous
D:10:     nzn_motion_control, layout_loops_cross, lemuel_round_altar,
          st_stairs_12, uniq_amaemon
D:11:     layout_cave_pods, dpeg_oklobed_lair, uniq_psyche, uniq_sonja
Temple:   nicolae_temple_figure_zero
Lair:1:   layout_small_grid, minivault_24, infiniplex_staircase_pool_2,
          grunt_megastairs_5, lemuel_fruit_fields
Lair:2:   layout_loops_ring, grunt_megastairs_4
Lair:3:   layout_gridlike, minmay_shoals_entry_centaurs,
          minmay_snake_entry_six_corridors, nicolae_lair_grazing_beasts
          [nicolae_sub_lair_graze_edge, nicolae_sub_lair_graze_edge,
          nicolae_sub_lair_graze_edge, nicolae_sub_lair_graze_edge],
          uniq_nergalle

Skill      XL: |  1  2  3  4  5  6  7  8  9 10 11 12 13 |
---------------+----------------------------------------+-----
Spellcasting   | 4 5 6 7 8 9 11 12 | 12.9
Fighting       | 2 3 6 8 10 12 13 14 | 14.9
Invocations    | 3 |  3.4
Evocations     | 3 |  3.4
Dodging        | 4 |  4.5
Stealth        | |  1.5

Action                   |  1- 3 |  4- 6 |  7- 9 | 10-12 | 13-15 || total
-------------------------+-------+-------+-------+-------+-------++-------
Melee: Unarmed           |     1 |       |       |       |       ||     1
       Flail             |       |     2 |     2 |    46 |       ||    50
       Quarterstaff      |       |       |       |    77 |     1 ||    78
       Punch             |       |       |       |     1 |       ||     1
 Cast: Freeze            |    38 |    68 |    69 |   119 |   117 ||   411
       Foxfire           |     7 |     8 |    83 |   115 |    48 ||   261
       Frozen Ramparts   |     2 |     9 |    24 |    47 |    32 ||   114
       Ozocubu's Armour  |       |     2 |    11 |    41 |    20 ||    74
       Conjure Flame     |       |       |     1 |     1 |       ||     2
       Hailstorm         |       |       |       |     6 |     5 ||    11
       Agony             |       |       |       |     9 |     6 ||    15
       Corpse Rot        |       |       |       |     4 |     1 ||     5
       Wereblood         |       |       |       |     4 |     6 ||    10
       Iskenderun's Batt |       |       |       |       |     8 ||     8
  Use: Scroll            |       |     3 |    10 |     4 |     3 ||    20
Armor: Robe              |     6 |     5 |     7 |       |       ||    18
       Steam dragon scal |       |       |    15 |    19 |       ||    34
       Leather armour    |       |       |       |   128 |   120 ||   248
Dodge: Dodged            |     7 |    36 |    70 |   176 |   142 ||   431

Table legend: (Time is in decaauts)
 A = Elapsed time spent in this place.
 B = Non-inter-level travel time spent in this place.
 C = Inter-level travel time spent in this place.
 D = Time resting spent in this place.
 E = Time spent auto-exploring this place.
 F = Levels seen in this place.
 G = Mean time per level.
                   A        B        C        D        E       F      G
               +--------+--------+--------+--------+--------+-----+--------+
         Total |  17646 |  16903 |    743 |    618 |  13426 |  15 | 1176.4 |
       Dungeon |  15066 |  14368 |    698 |    604 |  11460 |  11 | 1369.6 |
        Temple |    116 |    116 |      0 |      0 |     97 |   1 |  116.0 |
          Lair |   2463 |   2419 |     44 |     14 |   1869 |   3 |  821.0 |
               +--------+--------+--------+--------+--------+-----+--------+

Top non-repeatable levels by time:
     D:5: 1881 daAuts
     D:4: 1771 daAuts
     D:6: 1616 daAuts
     D:1: 1537 daAuts
     D:3: 1414 daAuts
     D:7: 1375 daAuts
     D:9: 1355 daAuts
    D:10: 1231 daAuts
  Lair:1: 1108 daAuts
     D:8: 986 daAuts
    D:11: 950 daAuts
     D:2: 947 daAuts
  Lair:2: 838 daAuts
  Lair:3: 516 daAuts
  Temple: 116 daAuts
